 Dungeon Crawl Stone Soup version 0.26-a0-849-gf1512cd430 (webtiles) character file.

Game seed: 16172641324415384058

1343 EWolf27 the Chiller (level 8, 0/41 HPs)
             Began as a Deep Elf Ice Elementalist on Nov 20, 2020.
             Was an Initiate of Vehumet.
             Slain by a hornet (16 damage)
             ... on level 6 of the Dungeon.
             The game lasted 00:52:05 (7501 turns).

EWolf27 the Chiller (Deep Elf Ice Elementalist)     Turns: 7501, Time: 00:52:08

Health: 0/41       AC:  5    Str:  5    XL:     8   Next: 35%
Magic:  19/20      EV: 14    Int: 23    God:    Vehumet [......]
Gold:   310        SH:  0    Dex: 15    Spells: 12/20 levels left

rFire    . . .     SeeInvis .   c - +0 short sword
rCold    . . .     Faith    .   (no shield)
rNeg     . . .     Spirit   .   a - +0 robe
rPois    .         Reflect  .   h - +1 hat
rElec    .         Harm     .   (no cloak)
rCorr    .         Rampage  .   (no gloves)
MR       .....                  e - +1 pair of boots
Stlth    +++.......             u - amulet of magic regeneration
HPRegen  0.13/turn              (no ring)
MPRegen  0.42/turn              (no ring)

@: brilliant, lethally poisoned (0 -> -25), frozen ramparts, slowed, very slow
A: no striking features
a: Renounce Religion


You were on level 6 of the Dungeon.
You worshipped Vehumet.
Vehumet was noncommittal.
You visited 2 branches of the dungeon, and saw 7 of its levels.

You collected 310 gold pieces.

Inventory:

Hand Weapons
 c - a +0 short sword (weapon)
Missiles
 b - 189 stones (quivered)
Armour
 a - a +0 robe (worn)
 e - a +1 pair of boots (worn)
 h - a +1 hat (worn)
 p - a +0 cloak
 w - a +0 pair of gloves
Magical Staves
 y - an uncursed staff of fire {unknown}
Jewellery
 o - an uncursed ring of ice {unknown}
 q - a cursed amulet of inaccuracy {unknown}
 u - an amulet of magic regeneration (around neck)
Wands
 B - a wand of acid (9)
Scrolls
 d - a scroll of blinking {unknown}
 f - 2 scrolls of enchant armour
 n - a scroll of identify
 r - 2 scrolls of remove curse {unknown}
 s - a scroll of fear
 t - 2 scrolls of fog
 z - a scroll of teleportation {unknown}
 D - a scroll of enchant weapon {unknown}
Potions
 g - 2 potions of flight {unknown}
 i - 4 potions of curing {unknown}
 j - a potion of cancellation {unknown}
 k - a potion of degeneration {unknown}
 l - 2 potions of brilliance
 m - 2 potions of heal wounds {unknown}
 v - a potion of lignification {unknown}
 x - 3 potions of ambrosia {unknown}
 A - 2 potions of mutation {unknown}
 C - a potion of attraction {unknown}
 E - a potion of might {unknown}


   Skills:
 - Level 4.0 Dodging
 + Level 6.5 Stealth
 + Level 6.8 Spellcasting
 * Level 5.8 Summonings
 + Level 6.8 Ice Magic


You had 12 spell levels left.
You knew the following spells:

 Your Spells              Type           Power        Failure   Level
a - Freeze                Ice            ####         1%          1
b - Frozen Ramparts       Ice            ######       1%          3
c - Summon Ice Beast      Ice/Summ       ######..     6%          4

Your spell library contained the following spells:

 Spells                   Type           Power        Failure   Level
 Ozocubu's Armour         Ice            ######..     1%          3
 Hailstorm                Conj/Ice       #####...     19%         4


Dungeon Overview and Level Annotations

Branches:
Dungeon (6/15)             Temple (1/1) D:4

Altars:
Ashenzari
Elyvilon
Fedhas
Gozag
Hepliaklqana
Kikubaaqudgha
Makhleb
Nemelex Xobeh
Okawaru
Qazlal
Sif Muna
Trog
Uskayaw
Vehumet
Wu Jian
Xom
Yredelemnul
The Shining One

Annotations:
D:5 Grinder


Message History

You are poisoned.
You feel yourself slow down. The hornet stings you.
You are more poisoned.
You feel as though you will be slow longer.
Casting: Frozen Ramparts (safe; 1% risk of failure)
Confirm with . or Enter, or press ? or * to list all spells.
The walls around you are covered in ice.
You feel very sick.
The wall freezes the hornet.
The hornet closely misses you.
The wall freezes the hornet.
The hornet closely misses you.
You feel sick.
The wall freezes the hornet. x2; The hornet stings you!
You are lethally poisoned!
You feel as though you will be slow longer.
It was a potion of brilliance.
You feel clever all of a sudden.
You feel very sick.
The wall freezes the hornet.
The hornet stings you but does no damage.
The wall freezes the hornet!
The hornet stings you!
You die...

.....# ### .[...# #.# #....# #.##
.##.#. #....# #..# ...... #....#
#..## ..#.# # #....# ##..# ....
#.#######....# #..#
..#....##.#.#..y@........# ##.##
..#.##.##.#.##########...#####..#
..#.##.##.#.# #......##..#
.......##.#.# #......###..
#......##.#.##########......# #..
#......##.#.#...............# ##.
#.#.##.##.#.#.....####.#....####.
............'.....'....#....'....
#.##.≈≈≈≈§≈.......#######...#####


You could see a hornet.

Vanquished Creatures
  Pikel (D:4)
  A water moccasin (D:5)
  Blork the orc (D:5)
  A bullfrog (D:6)
  2 scorpions (D:5)
  A quasit (D:5)
  A hound (D:5)
  An orc priest (D:3)
  2 orc wizards
  2 bullfrog skeletons
  A gnoll shaman (D:5)
  3 worker ants
  A hound skeleton (D:4)
  Robin (D:4)
  6 gnolls
  5 adders
  An adder zombie (D:5)
  An ooze (D:6)
  2 worms (D:4)
  4 dart slugs
  3 leopard geckos
  4 orcs
  5 bats
  A giant cockroach (D:3)
  14 goblins
  7 hobgoblins
  6 jackals
  4 frilled lizards
  5 kobolds
  A quokka skeleton (D:4)
  6 rats (D:1)
94 creatures vanquished.

Vanquished Creatures (collateral kills)
  A phantom (D:5)
  An adder skeleton (D:4)
2 creatures vanquished.

Grand Total: 96 creatures vanquished

Notes
Turn   | Place    | Note
-------+----------+-------------------------------------------
     0 | D:1      | EWolf27 the Deep Elf Ice Elementalist began the quest for
                  | the Orb.
     0 | D:1      | Reached XP level 1. HP: 10/10 MP: 6/6
   415 | D:1      | Reached XP level 2. HP: 12/15 MP: 4/8
  1065 | D:1      | Reached XP level 3. HP: 19/19 MP: 10/10
  1069 | D:1      | Learned a level 3 spell: Frozen Ramparts
  2425 | D:3      | Reached skill level 5 in Ice Magic
  2425 | D:3      | Reached XP level 4. HP: 16/24 MP: 6/12
  2797 | D:3      | Found a white marble altar of Elyvilon.
  2873 | D:3      | Reached XP level 5. HP: 28/28 MP: 10/13
  4088 | D:4      | Noticed Robin
  4098 | D:4      | Killed Robin
  4150 | D:3      | Learned a level 4 spell: Summon Ice Beast
  4236 | D:4      | Noticed a lemure
  4237 | D:4      | Noticed a lemure
  4491 | D:4      | Noticed Pikel
  4507 | D:4      | Noticed a lemure
  4507 | D:4      | Killed Pikel
  4508 | D:4      | Reached skill level 5 in Stealth
  4508 | D:4      | Reached skill level 5 in Spellcasting
  4508 | D:4      | Reached XP level 6. HP: 24/32 MP: 8/16
  4508 | D:4      | Reached XP level 7. HP: 27/36 MP: 8/17
  5152 | D:4      | Found a staircase to the Ecumenical Temple.
  5161 | Temple   | Entered the Ecumenical Temple
  5187 | Temple   | Became a worshipper of Vehumet
  5456 | D:5      | Entered Level 5 of the Dungeon
  5812 | D:5      | Noticed Blork the orc
  5854 | D:5      | Killed Blork the orc
  5965 | D:5      | Reached XP level 8. HP: 41/41 MP: 17/19
  5996 | D:5      | Reached skill level 5 in Summonings
  6122 | D:5      | Noticed Grinder
  6882 | D:6      | Found a sparkling altar of Nemelex Xobeh.
  7491 | D:6      | Noticed a hornet
  7501 | D:6      | Slain by a hornet

Illustrated notes

Levels and vault maps discovered:
D:1:      dpeg_arrival_rooms_b, layout_rooms
D:2:      layout_loops_corners
D:3:      layout_basic, nicolae_overflow_crystal_walls
D:4:      layout_rooms, minmay_temple_entry_wispy, uniq_pikel, uniq_robin
D:5:      layout_basic, grunt_decor_cap, uniq_grinder, uniq_blork_the_orc
D:6:      layout_basic, slow_altar_2, general_overflow_altar
Temple:   compressed_dpeg_circular_temple

Skill      XL: |  1  2  3  4  5  6  7  8 |
---------------+-------------------------+-----
Stealth        | 3 5 6 |  6.5
Dodging        | 3 4 |  4.0
Spellcasting   | 4 5 6 |  6.8
Ice Magic      | 5 6 |  6.8
Summonings     | 3 4 5 |  5.8

Action                   |  1- 3 |  4- 6 |  7- 9 || total
-------------------------+-------+-------+-------++-------
Melee: Short sword       |    18 |    30 |    70 ||   118
Throw: Stone             |       |     1 |       ||     1
 Cast: Freeze            |    38 |    15 |    11 ||    64
       Frozen Ramparts   |     3 |     5 |    23 ||    31
       Summon Ice Beast  |       |     1 |     4 ||     5
  Use: Scroll            |     1 |       |     6 ||     7
       Potion            |       |       |     1 ||     1
 Stab: Sleeping          |     5 |     2 |     3 ||    10
Armor: Robe              |    11 |    16 |    20 ||    47
Dodge: Dodged            |    23 |    32 |    84 ||   139

Table legend: (Time is in decaauts)
 A = Elapsed time spent in this place.
 B = Non-inter-level travel time spent in this place.
 C = Inter-level travel time spent in this place.
 D = Time resting spent in this place.
 E = Time spent auto-exploring this place.
 F = Levels seen in this place.
 G = Mean time per level.
                   A        B        C        D        E       F      G
               +--------+--------+--------+--------+--------+-----+--------+
         Total |   7518 |   7327 |    191 |   2755 |   1613 |   7 | 1074.0 |
       Dungeon |   7435 |   7267 |    168 |   2755 |   1566 |   6 | 1239.2 |
        Temple |     82 |     59 |     23 |      0 |     47 |   1 |   82.0 |
               +--------+--------+--------+--------+--------+-----+--------+

Top non-repeatable levels by time:
     D:3: 1510 daAuts
     D:1: 1366 daAuts
     D:4: 1341 daAuts
     D:2: 1295 daAuts
     D:5: 1112 daAuts
     D:6: 809 daAuts
  Temple: 82 daAuts
